 Dungeon Crawl Stone Soup version 0.28-a0-537-g3bccd9ccbf (webtiles) character file.

Game seed: 3156308873678199269

315 Tocho the Charlatan (level 6, -22/49 (52) HPs)
             Began as a Naga Gladiator on Sept 27, 2021.
             Annihilated by an ogre (23 damage)
             ... on level 3 of the Dungeon.
             The game lasted 00:07:49 (3892 turns).

Tocho the Charlatan (Naga Gladiator)                Turns: 3892, Time: 00:07:49

HP:   -22/49 (52)   AC:  4    Str: 17    XL:     6   Next: 43%
MP:   6/6           EV: 10    Int: 10    God:
Gold: 87            SH:  0    Dex: 12    Spells: 5/5 levels left

rFire   . . .      SeeInvis +   a - +0 trident
rCold   . . .      Faith    .   (no shield)
rNeg    . . .      Spirit   .   b - +0 leather armour
rPois   +          Reflect  .   c - +0 helmet
rElec   .          Harm     .   g - scarf {+Inv}
rCorr   .          Rampage  .   (no gloves)
Will    .....                   (no barding)
Stlth   +.........              (no amulet)
HPRegen 0.16/turn               (no ring)
MPRegen 0.10/turn               (no ring)

@: very slightly contaminated, drained, invisible, very slow
A: AC +2, large, see invisible, deformed body, poison resistance, slowness 2,
spit poison 1, naga tail 1
a: Spit Poison, Evoke Invisibility


You were on level 3 of the Dungeon.
You visited 1 branch of the dungeon, and saw 4 of its levels.

You collected 87 gold pieces.

Inventory:

Hand Weapons
 a - a +0 trident (weapon)
Armour
 b - a +0 leather armour (worn)
 c - a +0 helmet (worn)
 g - a scarf of invisibility (worn)
Jewellery
 n - an amulet of the acrobat
Wands
 h - a wand of polymorph (1)
Scrolls
 e - a scroll of amnesia {unknown}
 f - 2 scrolls of identify {unknown}
 j - a scroll of magic mapping {unknown}
 l - a scroll of silence {unknown}
 o - a scroll of summoning {unknown}
Potions
 i - 2 potions of haste {unknown}
 k - a potion of attraction {unknown}
 m - a potion of curing {unknown}


   Skills:
 - Level 2.0 Fighting
 - Level 3.2 Polearms
 - Level 1.8 Throwing
 - Level 2.5 Dodging
 + Level 5.9 Evocations


You had 5 spell levels left.
You didn't know any spells.
Your spell library was empty.

Dungeon Overview and Level Annotations

Branches:
Dungeon (4/15)
 Temple: D:4-7

Altars:


Innate Abilities, Weirdness & Mutations

Your serpentine skin is tough. (AC +2)
You have supernaturally acute eyesight. (SInv)
Armour fits poorly on your strangely shaped body.
Your system is resistant to poisons. (rPois)
You cover ground very slowly.
You can spit poison.
You have a snake-like lower body.


Message History

The throwing net barely misses the ogre.
The ogre hits you with a +0 giant club!
* * * LOW HITPOINT WARNING * * *
Throw: throwing net
Press: ? - help, Q - select action, (/) - cycle Shift-Dir - straight line, f/p - ogre
Aim: an ogre, wielding a +0 giant club (73% to hit)
You throw a throwing net.
The throwing net barely misses the ogre.
The ogre closely misses you.
You feel drained.
You fade into invisibility!
You are very lightly contaminated with residual magic.
The ogre barely misses you. The ogre closely misses you.
The ogre closely misses you.
You barely miss the ogre. The ogre closely misses you.
You hit the ogre.
The ogre is lightly wounded.
The ogre hits you with a +0 giant club!
* * * LOW HITPOINT WARNING * * *
You puncture the ogre!
The ogre is moderately wounded.
The ogre closely misses you.
You barely miss the ogre.
The ogre is moderately wounded.
Press: ? - help, Shift-Dir - straight line, f/p - ogre
Aim: an ogre, wielding a +0 giant club (moderately wounded)
You fail to use your ability.
The ogre hits you with a +0 giant club.
* * * LOW HITPOINT WARNING * * *
You hit the ogre.
The ogre is heavily wounded.
The ogre closely misses you.
You closely miss the ogre.
The ogre is heavily wounded.
The ogre hits you with a +0 giant club.
* * * LOW HITPOINT WARNING * * *
You hit the ogre.
The ogre is severely wounded.
The ogre hits you with a +0 giant club!!
You die...

######## #.# #.......## .......#
#[# #.#####..#
######.###'##########........# #
#.##...........#.#####..# #
#.##...........#........# #
#.##...........#.#####..# #
#.##...........#........#
######.##.............#####..#
.......##......(@O...........#
#####...............#.#####..####
#^###...........#............
#####...............##...........
.....................'>..........
#....)...#.###########[..........
)...................##...........
#........#.########.##...........
#........#.# #.##...........


You could see an ogre.

Vanquished Creatures
  Blork the orc (D:3)
  An orc priest (D:3)
  A hound (D:3)
  Jessica (D:2)
  An orc wizard (D:3)
  Terence (D:2)
  A gnoll (D:3)
  3 adders
  2 worms
  A dart slug (D:1)
  6 orcs (D:3)
  5 bats
  10 endoplasms
  2 giant cockroaches
  4 goblins
  5 hobgoblins
  4 jackals
  4 kobolds
  A quokka (D:2)
  7 ball pythons
  A frilled lizard (D:2)
  5 rats
67 creatures vanquished.

Notes
Turn   | Place    | Note
-------+----------+-------------------------------------------
     0 | D:1      | Tocho the Naga Gladiator began the quest for the Orb.
     0 | D:1      | Reached XP level 1. HP: 19/19 MP: 1/1
   121 | D:1      | Reached XP level 2. HP: 21/26 MP: 2/2
   356 | D:1      | Reached skill level 1 in Evocations
   902 | D:1      | Reached XP level 3. HP: 20/32 MP: 3/3
  1247 | D:2      | Reached skill level 2 in Evocations
  1718 | D:2      | Noticed Terence
  1754 | D:2      | Killed Terence
  1755 | D:2      | Reached skill level 3 in Evocations
  1755 | D:2      | Reached XP level 4. HP: 12/39 MP: 4/4
  1775 | D:2      | Noticed Jessica
  1778 | D:2      | Killed Jessica
  2254 | D:3      | Reached skill level 4 in Evocations
  2254 | D:3      | Reached XP level 5. HP: 45/45 MP: 5/5
  3258 | D:3      | Reached skill level 5 in Evocations
  3261 | D:3      | Reached XP level 6. HP: 18/52 MP: 6/6
  3770 | D:4      | Noticed Blork the orc
  3787 | D:3      | Killed Blork the orc
  3889 | D:3      | HP: 2/49 [ogre (5)]
  3892 | D:3      | Annihilated by an ogre

Illustrated notes

Levels and vault maps discovered:
D:1:      dpeg_arrival_oval, layout_basic, serial_bayou_crossing
D:2:      layout_basic, uniq_terence, uniq_jessica
D:3:      layout_basic, grunt_ministairs_9, minmay_misc_feat_rows,
          minmay_checkerbox
D:4:      layout_basic, mainiacjoe_overflow_brackets, kennysheep_orc_sif_temple,
          moated_statue, uniq_blork_the_orc, uniq_natasha

Skill      XL: |  1  2  3  4  5 |
---------------+----------------+-----
Evocations     | 1 3 4 5 |  5.9
Fighting       | |  2.0
Polearms       | |  3.2
Throwing       | |  1.8
Dodging        | |  2.5

Action                   |  1- 3 |  4- 6 || total
-------------------------+-------+-------++-------
Melee: Trident           |   125 |   121 ||   246
       Unarmed           |     3 |       ||     3
Throw: Throwing net      |       |     3 ||     3
 Abil: Spit Poison       |     1 |     9 ||    10
       Evoke Invisibilit |       |     1 ||     1
  Use: Potion            |     1 |       ||     1
 Stab: Held in net/web   |       |     1 ||     1
Armor: Leather armour    |    41 |    22 ||    63
       Skin              |     1 |       ||     1
Dodge: Dodged            |    78 |    49 ||   127

Table legend: (Time is in decaauts)
 A = Elapsed time spent in this place.
 B = Non-inter-level travel time spent in this place.
 C = Inter-level travel time spent in this place.
 D = Time resting spent in this place.
 E = Time spent auto-exploring this place.
 F = Levels seen in this place.
 G = Mean time per level.
                   A        B        C        D        E       F      G
               +--------+--------+--------+--------+--------+-----+--------+
         Total |   4732 |   4562 |    170 |    197 |   3673 |   4 | 1183.0 |
       Dungeon |   4732 |   4562 |    170 |    197 |   3673 |   4 | 1183.0 |
               +--------+--------+--------+--------+--------+-----+--------+

Top non-repeatable levels by time:
     D:3: 1986 daAuts
     D:1: 1573 daAuts
     D:2: 1161 daAuts
     D:4: 11 daAuts
